 Dungeon Crawl Stone Soup version 0.29.1-2-gbd0b4ee654 (webtiles) character file.

Game seed: 108017312385578595

50167 funnyparkerb the Unseen (level 14, -11/116 HPs)
             Began as a Vampire Brigand on Nov 16, 2022.
             Was an Elder of Dithmenos.
             Mangled by a catoblepas (15 damage)
             ... on level 5 of the Lair of Beasts.
             The game lasted 00:52:42 (20176 turns).

funnyparkerb the Unseen (Vampire Brigand)          Turns: 20176, Time: 00:52:43

Health: -11/116    AC: 22    Str: 14 (17) XL:     14   Next: 18%
Magic:  18/21      EV: 16    Int: 19 (22) God:    Dithmenos [****..]
Gold:   723        SH:  0    Dex: 15 (16) Spells: 19/23 levels left

rFire   + + .      SeeInvis +   a - +2 dagger
rCold   + . .      Faith    .   (no shield)
rNeg    . . .      Spirit   .   U - +7 ring mail "Ileamung" {Str+6}
rPois   +          Reflect  .   u - +0 helmet
rElec   +          Harm     .   c - +0 cloak
rCorr   +          Rampage  .   C - +1 pair of gloves {Str+3}
Will    +....                   h - +0 pair of boots
Stlth   ++++++++++              g - amulet of regeneration
HPRegen 1.29/turn               r - ring of protection from fire
MPRegen 0.17/turn               w - +4 ring of protection

@: resistant, healing quickly, wreathed by umbra
A: alive, fangs 3, see invisible, vampiric 2, clever 2, clumsy 1
a: Exsanguinate, Renounce Religion, Shadow Step


You were on level 5 of the Lair of Beasts.
You worshipped Dithmenos.
Dithmenos was greatly pleased with you.
You visited 3 branches of the dungeon, and saw 19 of its levels.

You collected 1065 gold pieces.
You spent 342 gold pieces at shops.

Inventory:

Hand Weapons
 a - a +2 dagger (weapon)
 z - a +0 dagger of speed
Missiles
 d - 30 poisoned darts (quivered)
 e - 3 curare-tipped darts
 F - a throwing net
Armour
 c - a +0 cloak (worn)
 h - a +0 pair of boots (worn)
 u - a +0 helmet (worn)
 C - a +1 pair of gloves of strength (worn)
 U - the +7 ring mail "Ileamung" (worn) {Str+6}
   (You bought it in a shop on level 11 of the Dungeon)

   Str:       It affects your strength (+6).
 V - the +2 ring mail of Xom's Inspiration {Int+7}
   (You bought it in a shop on level 11 of the Dungeon)

   Int:       It affects your intelligence (+7).
Jewellery
 g - an amulet of regeneration (around neck)
 r - a ring of protection from fire (left hand)
 s - a ring of wizardry
 w - a +4 ring of protection (right hand)
 B - an amulet of faith
 M - a ring of wizardry
 N - an amulet of the acrobat
Wands
 m - a wand of polymorph (3)
 A - a wand of flame (55)
 G - a wand of mindburst (3)
 L - a wand of quicksilver (7)
 O - a wand of iceblast (13)
 X - a wand of charming (8)
Scrolls
 b - a scroll of acquirement {unknown}
 f - 2 scrolls of fear
 j - 2 scrolls of poison
 k - 3 scrolls of silence
 n - 3 scrolls of amnesia
 o - a scroll of enchant weapon
 p - 3 scrolls of magic mapping
 x - 2 scrolls of identify
 y - a scroll of torment
 E - 2 scrolls of teleportation
 K - a scroll of noise
 Q - a scroll of enchant armour
 T - 2 scrolls of vulnerability
 Y - a scroll of blinking
Potions
 i - a potion of curing
 l - 3 potions of berserk rage
 q - a potion of lignification
 v - 2 potions of flight
 D - 2 potions of haste
 H - a potion of mutation
 I - 3 potions of might
 P - 3 potions of ambrosia
 R - 4 potions of brilliance
 S - a potion of invisibility {unknown}


   Skills:
 + Level 12.7 Fighting
 - Level 10.0 Short Blades
 - Level 1.5 Throwing
 + Level 4.0 Armour
 + Level 12.9 Dodging
 + Level 18.5 Stealth
 - Level 5.0 Spellcasting
 - Level 5.0 Hexes
 - Level 5.0 Invocations


You had 19 spell levels left.
You knew the following spells:

 Your Spells              Type           Power      Damage    Failure   Level
a - Confusing Touch       Hex            23%        N/A       9%          3
b - Slow                  Hex            92%        N/A       3%          1

Your spell library contained the following spells:

 Spells                   Type           Power      Damage    Failure   Level
 Necrotise                Necr           16%        1d4       24%         1
 Sting                    Tmut/Pois      16%        1d3       24%         1
 Inner Flame              Hex/Fire       14%        N/A       26%         3
 Cause Fear               Hex            11%        N/A       30%         4
 Poisonous Vapours        Pois/Air       8%         N/A       34%         2
 Static Discharge         Conj/Air       4%         3-4/arc   34%         2
 Gell's Gravitas          Tloc           4%         N/A       56%         3
 Teleport Other           Tloc           4%         N/A       56%         3
 Vampiric Draining        Necr           4%         2d6       56%         3
 Dispel Undead            Necr           4%         3d7       93%         4
 Olgreb's Toxic Radiance  Pois           4%         N/A       93%         4
 Sticky Flame             Conj/Fire      4%         2d3       93%         4
 Dispersal                Tloc           2%         N/A       100%        6
 Discord                  Hex            11%        N/A       100%        8


Dungeon Overview and Level Annotations

Branches:
Dungeon (13/15)            Temple (1/1) D:7            Lair (5/5) D:8
  Swamp (0/4) Lair:2       Spider (0/4) Lair:2        Slime (0/5) Lair:5
    Orc (0/2) D:11
 Vaults: D:13-14

Altars:
Ashenzari
Cheibriados
Dithmenos
Fedhas
Gozag
Hepliaklqana
Kikubaaqudgha
Makhleb
Nemelex Xobeh
Okawaru
Qazlal
Ru
Sif Muna
Trog
Uskayaw
Vehumet
Wu Jian
Xom
Yredelemnul

Shops:
D:11 [

Annotations:
Lair:2 exclusion: orange crystal statue
Lair:5 1 runed translucent door


Innate Abilities, Weirdness & Mutations

Your natural rate of healing is accelerated.
You have razor-sharp teeth.
You have supernaturally acute eyesight. (SInv)
You are afflicted with vampirism and can become a bat while bloodless.
Your mind is very acute. (Int +8, Str/Dex -2)
You are clumsy. (Dex -2)


Message History

You are engulfed in calcifying dust.
The catoblepas gores you!!
* * * LOW HITPOINT WARNING * * *
Your hands stop glowing.
The catoblepas gores you!
* * * LOW HITPOINT WARNING * * *
You turn to flesh and can move again.
Unknown command.
Unknown command.
You feel yourself speed up. The catoblepas closely misses you.
The catoblepas breathes a plume of calcifying dust at you.
The blast of calcifying dust hits you.
* * * LOW HITPOINT WARNING * * *
You are engulfed in calcifying dust.
You are slowing down.
The catoblepas breathes a plume of calcifying dust at you.
The blast of calcifying dust hits you but does no damage.
You feel limber!
Your magical effects are unravelling.
You feel magically purged.
You are engulfed in calcifying dust.
You feel yourself slow down.
The catoblepas attacks as you move away!
The catoblepas barely misses you.
You are engulfed in calcifying dust.
You are slowing down.
You feel limber!
You feel magically purged.
You are engulfed in calcifying dust.
The catoblepas completely misses you. The catoblepas gores you!!
* * * LOW HITPOINT WARNING * * *
It was a potion of degeneration.
There was something very wrong with that liquid.
You feel weakened.
You feel dopey.
You feel clumsy. The catoblepas misses you.
It was a potion of resistance.
You feel protected. The catoblepas gores you.
* * * LOW HITPOINT WARNING * * *
It was a potion of mutation.
You feel extremely strange.
You feel clever.
You feel clumsy.
You feel clever. The catoblepas gores you!
You die...

.#.#.....#....# #.###....<#
.##.P....##.†#######..#.....#
.##......##..###.....##.....#
..#......#........(.###.....#
.#.#....+...†.#......##....+..
.+.+.....#...###.....##........
..#......#....#####.##.......#.
.# ....###...##.##### .......#
. #######...##@#.#.#... ..
#..........Y......... .>.
.........#####....... ...
.........# ###.... ..
.........# ... .. ##.......# ..
# ##......⌠# . ##......# #
#......+P


You could see a catoblepas.

Vanquished Creatures
  7 hydras
  A boulder beetle (D:11)
  A catoblepas (Lair:2)
  4 two-headed ogres
  A death yak (D:8)
  Amaemon (Lair:3)
  A lindwurm (Lair:5)
  4 deep elf pyromancers
  An ugly thing (D:12)
  A will-o-the-wisp (Lair:2)
  4 black mambas
  15 elephants
  An orange demon (Lair:3)
  A torpor snail (Lair:5)
  10 cane toads
  2 gargoyles
  2 unseen horror zombies (D:9)
  2 unseen horrors
  14 komodo dragons
  An efreet (D:9)
  3 trolls
  2 polar bears (Lair:5)
  Grinder (D:5)
  7 blink frogs
  7 wyverns
  2 wraiths
  A basilisk (Lair:5)
  4 steam dragons
  70 yaks
  An acid dragon (D:9)
  Menkaure (D:7)
  12 water moccasins
  4 orc warriors
  3 black bears
  2 ice beasts
  17 wolves
  7 centaurs
  2 phantoms
  4 kobold brigands
  14 bullfrogs
  A necrophage (D:5)
  3 gnoll sergeants
  3 scorpions (D:5)
  9 wights
  9 killer bees
  3 howler monkeys
  2 hounds
  A jelly (D:5)
  2 gnoll boudas (D:8)
  9 orc priests
  2 centaur zombies (D:9)
  2 iguanas
  8 orc wizards
  5 hell rats
  A boggart simulacrum (D:11)
  Robin (D:4)
  8 adders
  30 gnolls
  2 shadow imps
  3 dart slugs
  32 orcs
  7 ball pythons
  8 bats
  7 endoplasms
  4 giant cockroaches (D:2)
  13 goblins
  12 hobgoblins
  4 jackals (D:5)
  8 quokkas
  3 frilled lizards
  26 kobolds
  5 rats
471 creatures vanquished.

Vanquished Creatures (collateral kills)
  A hydra (Lair:1)
  A wolf (Lair:1)
2 creatures vanquished.

Vanquished Creatures (others)
  A killer bee (D:8)
  6 foxfires (Lair:2)
  35 fungi
  39 plants
  7 withered plants (Lair:5)
88 creatures vanquished.

Grand Total: 561 creatures vanquished

Notes
Turn   | Place    | Note
-------+----------+-------------------------------------------
     0 | D:1      | funnyparkerb the Vampire Brigand began the quest for the
                  | Orb.
     0 | D:1      | Reached XP level 1. HP: 16/16 MP: 1/1
   485 | D:1      | Reached skill level 6 in Stealth
   525 | D:1      | Reached XP level 2. HP: 13/19 MP: 2/2
  1227 | D:2      | Gained mutation: You are afflicted with vampirism and can
                  | become a bat while bloodless. [Vampire growth]
  1227 | D:2      | Reached XP level 3. HP: 24/24 MP: 3/3
  1350 | D:2      | Found a faded altar of an unknown god.
  1454 | D:2      | Noticed a phantom
  1499 | D:2      | Killed a phantom
  1500 | D:2      | Reached XP level 4. HP: 18/34 MP: 4/4
  1500 | D:2      | Reached XP level 5. HP: 21/39 MP: 5/5
  2086 | D:2      | Reached skill level 7 in Stealth
  2305 | D:2      | Reached XP level 6. HP: 28/47 MP: 6/6
  2646 | D:3      | Reached skill level 5 in Short Blades
  3017 | D:4      | Learned a level 3 spell: Confusing Touch
  3019 | D:4      | Noticed Robin
  3027 | D:4      | Learned a level 1 spell: Slow
  3053 | D:4      | Killed Robin
  3783 | D:5      | Entered Level 5 of the Dungeon
  3813 | D:5      | Reached skill level 1 in Hexes
  3873 | D:5      | Reached XP level 7. HP: 52/52 MP: 7/7
  3992 | D:5      | Reached skill level 8 in Stealth
  4159 | D:5      | Noticed Grinder
  4172 | D:5      | Killed Grinder
  4280 | D:5      | Reached XP level 8. HP: 54/54 MP: 8/8
  4813 | D:6      | Found an ancient bone altar of Kikubaaqudgha.
  4815 | D:6      | Found a shimmering blue altar of Sif Muna.
  4817 | D:6      | Found a radiant altar of Vehumet.
  4836 | D:6      | Reached skill level 9 in Stealth
  4865 | D:6      | Got Kikubaaqudgha's Volume of the Grave
  5437 | D:6      | Found an ornate altar of the Wu Jian Council.
  5569 | D:7      | Reached skill level 5 in Dodging
  5606 | D:7      | Found a staircase to the Ecumenical Temple.
  5616 | Temple   | Entered the Ecumenical Temple
  5925 | D:7      | Reached skill level 5 in Hexes
  6096 | D:7      | Reached XP level 9. HP: 65/66 MP: 5/9
  6333 | D:7      | Found an opulent altar of Gozag.
  6350 | D:7      | Reached skill level 5 in Fighting
  6350 | D:7      | Reached skill level 10 in Stealth
  6469 | D:7      | Noticed Menkaure
  6484 | D:7      | Killed Menkaure
  6955 | D:8      | Noticed a death yak
  7374 | D:8      | Found a staircase to the Lair.
  7376 | D:8      | Noticed a death yak
  7907 | D:8      | Noticed a death yak
  7970 | D:8      | Killed a death yak
  7971 | D:8      | Reached skill level 11 in Stealth
  8253 | D:8      | Found a hide-covered altar of Uskayaw.
  8444 | D:9      | Reached XP level 10. HP: 76/76 MP: 4/10
  8661 | D:9      | Reached skill level 10 in Short Blades
  8807 | D:9      | Found a blossoming altar of Fedhas.
  8809 | D:9      | Found a shadowy altar of Dithmenos.
  8809 | D:9      | Found a hazy altar of Hepliaklqana.
  8813 | D:9      | Became a worshipper of Dithmenos the Shadowed
  8859 | D:9      | Identified the +0 pair of gloves of Tenacity {rPois Str+2
                  | Dex-4}
  8883 | D:9      | Reached skill level 12 in Stealth
  9235 | D:9      | Reached skill level 13 in Stealth
  9981 | D:10     | Entered Level 10 of the Dungeon
 10140 | D:10     | Reached * piety under Dithmenos
 10141 | D:10     | Reached XP level 11. HP: 85/85 MP: 11/11
 10487 | D:10     | Noticed a deep elf pyromancer
 10492 | D:10     | Noticed a two-headed ogre
 10601 | D:9      | Reached skill level 14 in Stealth
 10624 | D:9      | Killed a two-headed ogre
 10813 | D:10     | Killed a deep elf pyromancer
 11281 | D:10     | Noticed a two-headed ogre
 11289 | D:10     | Killed a two-headed ogre
 11577 | D:11     | Noticed a boulder beetle
 11583 | D:11     | Killed a boulder beetle
 11584 | D:11     | Reached skill level 10 in Dodging
 11584 | D:11     | Reached skill level 15 in Stealth
 11990 | D:11     | Found Zyimm's Assorted Antiques.
 12065 | D:11     | Reached ** piety under Dithmenos
 12178 | D:11     | Found Mecod's Antique Armour Shop.
 12186 | D:11     | Bought a polished ring mail for 171 gold pieces
 12186 | D:11     | Identified the +7 ring mail "Ileamung" {Str+6} (You bought
                  | it in a shop on level 11 of the Dungeon)
 12186 | D:11     | Bought a scorched ring mail for 171 gold pieces
 12186 | D:11     | Identified the +2 ring mail of Xom's Inspiration {Int+7}
                  | (You bought it in a shop on level 11 of the Dungeon)
 12200 | D:11     | Found a staircase to the Orcish Mines.
 12951 | D:12     | Noticed a two-headed ogre
 12960 | D:12     | Killed a two-headed ogre
 12961 | D:12     | Reached skill level 10 in Fighting
 12961 | D:12     | Reached skill level 1 in Invocations
 13051 | D:12     | Noticed a green ugly thing
 13051 | D:12     | Noticed a deep elf pyromancer
 13071 | D:12     | Killed a green ugly thing
 13072 | D:12     | Reached XP level 12. HP: 97/97 MP: 9/13
 13224 | D:12     | Noticed a two-headed ogre
 13229 | D:12     | Killed a two-headed ogre
 13789 | Lair:1   | Entered Level 1 of the Lair of Beasts
 14093 | Lair:1   | Reached skill level 1 in Spellcasting
 14139 | Lair:1   | Reached skill level 16 in Stealth
 14309 | Lair:1   | Reached *** piety under Dithmenos
 14493 | Lair:2   | Found a hole to the Spider Nest.
 14626 | Lair:2   | Noticed an eight-headed hydra
 14632 | Lair:2   | Killed an eight-headed hydra
 14944 | Lair:2   | Noticed a four-headed hydra
 14948 | Lair:2   | Found a staircase to the Swamp.
 15058 | Lair:2   | Reached skill level 5 in Invocations
 15171 | Lair:2   | Killed a four-headed hydra
 15338 | Lair:2   | Noticed an eight-headed hydra
 15354 | Lair:2   | HP: 3/100 [eight-headed hydra (7)]
 15439 | Lair:1   | Killed an eight-headed hydra
 15693 | Lair:1   | Reached XP level 13. HP: 105/106 MP: 14/18
 16018 | Lair:3   | Noticed Amaemon
 16020 | Lair:3   | Killed Amaemon
 16751 | Lair:3   | Identified the +9 whip "Hell-Harrower" {holy, Str-4 Dex+4
                  | SInv}
 17018 | Lair:3   | Reached skill level 17 in Stealth
 17018 | Lair:3   | Reached skill level 5 in Spellcasting
 17244 | Lair:3   | Reached **** piety under Dithmenos
 17536 | Lair:4   | Reached skill level 1 in Armour
 18111 | Lair:2   | HP: 8/162 [catoblepas (12)]
 18943 | Lair:5   | Entered Level 5 of the Lair of Beasts
 19163 | Lair:4   | Reached skill level 18 in Stealth
 19438 | Lair:5   | Reached XP level 14. HP: 106/116 MP: 10/21
 19716 | Lair:5   | Found a staircase to the Slime Pits.
 20103 | Lair:5   | Found a runed translucent door.
 20173 | Lair:5   | HP: 1/116 [catoblepas (22)]
 20176 | Lair:5   | Gained mutation: Your mind is acute. (Int +4, Str/Dex -1)
                  | [potion of mutation]
 20176 | Lair:5   | Gained mutation: You are clumsy. (Dex -2) [potion of
                  | mutation]
 20176 | Lair:5   | Gained mutation: Your mind is very acute. (Int +8, Str/Dex
                  | -2) [potion of mutation]
 20176 | Lair:5   | Mangled by a catoblepas

Illustrated notes

Levels and vault maps discovered:
D:1:      enne_arrival_octagon_isle, layout_basic
D:2:      minmay_inner_zag, layout_loops_ring,
          nicolae_ecumenical_snake_handling, nicolae_elevator_lobby_plus
D:3:      layout_rooms, kennysheep_orc_chapel
D:4:      layout_basic, uniq_robin
D:5:      layout_rooms, nicolae_concentric_dashed_squares_wild,
          patterned_corridor, uniq_grinder
D:6:      layout_loops_corners, grunt_temple_overflow_magic_moments,
          nzn_wu_jian_council_hall, kennysheep_little_box
D:7:      layout_loops_ring, nicolae_gozag_cash_rules_everything_around_me,
          minmay_temple_entry_slanted, uniq_menkaure
D:8:      layout_rooms, mainiacjoe_overflow_six_doors_small,
          lemuel_doored_altar, dpeg_lair_monsters
D:9:      layout_roguey, chequers_temple_overflow_statue_of_worship,
          enter_bailey_8, serial_undead, serial_undead_e, serial_undead_a,
          serial_undead_b, serial_undead_a, minmay_diced_spiral
D:10:     layout_basic, grunt_potential
D:11:     layout_grid_maze, minmay_orc_entry_temple_small, serial_shops, shop,
          shop
D:12:     layout_roguey, minmay_misc_feat_secret_circle,
          hangedman_decor_clover_reticule, feat_on_display
D:13:     layout_irregular_city, lemuel_zombie_altar_yredelemnul
Temple:   jpeg_temple_clearing
Lair:1:   layout_misc_corridors, beast_lair_carwin_10
Lair:2:   layout_gridlike, minmay_swamp_entry_wisps,
          spider_nest_entry_funnel_web, disabler_island
Lair:3:   layout_regular_city, uniq_amaemon
Lair:4:   layout_roguey
Lair:5:   due_jungle_book, layout_regular_city, slime_entry_1,
          ebering_ghost_funeral_grove

Skill      XL: |  1  2  3  4  5  6  7  8  9 10 11 12 13 14 |
---------------+-------------------------------------------+-----
Stealth        | 6 7 8 9 11 13 15 16 18 | 18.5
Fighting       | 2 3 4 5 7 10 11 12 | 12.7
Short Blades   | 3 4 5 6 8 9 10 | 10.0
Dodging        | 2 3 4 5 6 9 10 11 12 | 12.9
Hexes          | 1 3 5 |  5.0
Invocations    | 1 5 |  5.0
Spellcasting   | 3 5 |  5.0
Armour         | 3 4 |  4.0
Throwing       | |  1.5

Action                   |  1- 3 |  4- 6 |  7- 9 | 10-12 | 13-15 || total
-------------------------+-------+-------+-------+-------+-------++-------
Melee: Dagger            |   132 |   300 |   500 |   855 |   771 ||  2558
       Bite              |     8 |    38 |    63 |   129 |   146 ||   384
       Punch             |       |     2 |     8 |    16 |    12 ||    38
Throw: Dart              |       |     1 |     6 |       |       ||     7
 Cast: Slow              |       |     2 |    13 |    29 |     1 ||    45
       Confusing Touch   |       |       |    51 |    92 |   103 ||   246
Invok: Shadow Step       |       |       |       |     2 |     2 ||     4
 Abil: Exsanguinate      |     1 |       |     1 |       |       ||     2
       Revivify          |     1 |       |     1 |       |       ||     2
Evoke: Wand              |       |       |     1 |     8 |       ||     9
  Use: Scroll            |       |       |     3 |    19 |     2 ||    24
       Potion            |       |       |     2 |     1 |     7 ||    10
 Stab: Sleeping          |    15 |     9 |     8 |    36 |    22 ||    90
       Confused          |       |       |    38 |    84 |    83 ||   205
       Distracted        |       |       |       |     1 |     2 ||     3
       Petrified         |       |       |       |       |     4 ||     4
Armor: Robe              |    32 |    41 |       |       |       ||    73
       Leather armour    |       |     6 |    94 |    58 |       ||   158
       Ring mail         |       |       |       |   164 |   272 ||   436
       Skin              |       |       |       |       |     2 ||     2
Dodge: Dodged            |    73 |   154 |   299 |   607 |   612 ||  1745
